 Dungeon Crawl Stone Soup version 0.24-a0-235-g3f03afc (webtiles) character file.

Game seed: 14915198374449152525

193 silenth the Twirler (level 5, -4/41 HPs)
             Began as a Demonspawn Gladiator on Apr 6, 2019.
             Was an Initiate of Okawaru.
             Slain by a mummy (6 damage)
             ... in an ossuary.
             The game lasted 00:03:35 (2841 turns).

silenth the Twirler (Demonspawn Gladiator)          Turns: 2841, Time: 00:03:36

Health: -4/41      AC: 10    Str: 17    XL:     5   Next: 44%
Magic:  0/5        EV: 12    Int: 10    God:    Okawaru [......]
Gold:   170        SH:  0    Dex: 19    Spells: 4/4 levels left

rFire    + . .     SeeInvis .   a - +0 quarterstaff
rCold    + + .     Gourm    .   (shield currently unavailable)
rNeg     . . .     Faith    .   p - +4 ring mail {rF+}
rPois    .         Spirit   +   (helmet restricted)
rElec    .         Reflect  .   (no cloak)
rCorr    .         Harm     .   (no gloves)
MR       .....                  s - +0 pair of boots
Stlth    +++.......             k - amulet of guardian spirit
HPRegen  0.13/turn              m - +3 ring of dexterity
MPRegen  0.09/turn              v - ring of protection from cold

@: no status effects
A: hooves 1, horns 1, thin skeletal structure 1, cold resistance 1, nightstalker
1, strong 1, freezing cloud immunity
a: Renounce Religion


You were in an ossuary.
You worshipped Okawaru.
Okawaru was noncommittal.
You were not hungry.

You visited 1 branch of the dungeon, and saw 4 of its levels.
You also visited: Ossuary.

You collected 170 gold pieces.

Inventory:

Hand Weapons
 a - a +0 quarterstaff (weapon)
 t - a +0 morningstar
Missiles
 d - 2 throwing nets (quivered)
Armour
 b - a +0 leather armour
 c - a +0 helmet
 f - a +0 robe
 p - a +4 ring mail of fire resistance (worn)
 s - a +0 pair of boots (worn)
Jewellery
 k - an amulet of guardian spirit (around neck)
 m - a +3 ring of dexterity (left hand)
 v - a ring of protection from cold (right hand)
Wands
 u - a wand of random effects (14)
Scrolls
 g - 4 scrolls of teleportation
 l - a scroll of magic mapping {unknown}
 n - a scroll of identify {unknown}
 r - 2 scrolls of remove curse
Potions
 h - a potion of heal wounds {unknown}
 i - 2 potions of resistance {unknown}
 o - a potion of berserk rage {unknown}
Comestibles
 e - 4 rations


   Skills:
 + Level 3.5 Fighting
 * Level 4.8 Staves
 - Level 1.7 Throwing
 - Level 2.6 Dodging
 + Level 0.6 Stealth


You had 4 spell levels left.
You didn't know any spells.
Your spell library was empty.

Dungeon Overview and Level Annotations

Branches:
Dungeon (4/15)
 Temple: D:4-7

Altars:
Okawaru
Ru
Vehumet


Innate Abilities, Weirdness & Mutations

You have a somewhat thin skeletal structure. (Dex +2, Stealth)
Your flesh is cold resistant. (rC+)
You are slightly more attuned to the shadows.
You are immune to freezing clouds.
You have large cloven feet.
You have a pair of small horns on your head.
Your muscles are strong. (Str +2)


Message History

The mummy is severely damaged.
The mummy hits you but does no damage.
You hit the mummy.
The mummy is almost destroyed.
The mummy hits you! The mummy closely misses you.
You hit the mummy.
The mummy is almost destroyed.
You barely miss the mummy.
The mummy is almost destroyed.
The mummy hits you! x2
* * * LOW HITPOINT WARNING * * *
The mummy barely misses you.
You are too injured to fight recklessly!
You are too injured to fight recklessly!
It was a potion of mutation.
You feel extremely strange.
Your feet thicken and deform.
A pair of horns grows on your head!
Your +0 helmet falls away!
You feel stronger.
It was a potion of cancellation.
You feel magically purged. The mummy hits you.
You die...

Z▒▒▒▒▒▒▒▒▒▒▒
...........▒▒
........@M..▒
.^..∩.∩.MM..▒
.^..........▒
^^.........▒▒
.▒▒▒▒▒▒▒▒▒▒▒


You could see 3 mummies.

Vanquished Creatures
  Terence (D:3)
  7 adders
  2 oozes
  2 worms
  A dart slug (D:2)
  3 leopard geckos (D:1)
  3 orcs (D:3)
  5 giant cockroaches
  11 hobgoblins
  6 jackals
  8 kobolds
  A quokka (D:3)
  2 ball pythons
  9 bats
  4 frilled lizards
  9 goblins
  7 rats
81 creatures vanquished.

Notes
Turn   | Place    | Note
-------+----------+-------------------------------------------
     0 | D:1      | silenth the Demonspawn Gladiator began the quest for the
                  | Orb.
     0 | D:1      | Reached XP level 1. HP: 16/16 MP: 1/1
   112 | D:1      | Reached skill level 3 in Staves
   219 | D:1      | Gained mutation: Your flesh is cold resistant. (rC+)
                  | [demonic ancestry]
   219 | D:1      | Reached XP level 2. HP: 22/22 MP: 2/2
   640 | D:1      | Gained mutation: You have a somewhat thin skeletal
                  | structure. (Dex +2, Stealth) [demonic ancestry]
   640 | D:1      | Reached XP level 3. HP: 24/28 MP: 3/3
  1287 | D:2      | Found an iron altar of Okawaru.
  1287 | D:2      | Found a radiant altar of Vehumet.
  1360 | D:2      | Reached skill level 4 in Staves
  1363 | D:2      | Gained mutation: You are immune to freezing clouds.
                  | [demonic ancestry]
  1363 | D:2      | Reached XP level 4. HP: 31/34 MP: 2/4
  1368 | D:2      | Became a worshipper of Warmaster Okawaru
  1438 | D:2      | Reached skill level 3 in Fighting
  2083 | D:3      | Noticed Terence
  2092 | D:3      | Killed Terence
  2232 | D:3      | Gained mutation: You are slightly more attuned to the
                  | shadows. [demonic ancestry]
  2232 | D:3      | Reached XP level 5. HP: 37/41 MP: 5/5
  2299 | D:3      | Found a sacrificial altar of Ru.
  2826 | D:4      | Found a sand-covered staircase.
  2832 | Ossuary  | Entered an ossuary
  2839 | Ossuary  | HP: 2/41 [mummy (14)]
  2840 | Ossuary  | Gained mutation: You have large cloven feet. [potion of
                  | mutation]
  2840 | Ossuary  | Gained mutation: You have a pair of small horns on your
                  | head. [potion of mutation]
  2840 | Ossuary  | Gained mutation: Your muscles are strong. (Str +2) [potion
                  | of mutation]
  2841 | Ossuary  | Slain by a mummy

Levels and vault maps discovered:
D:1:      dpeg_arrival_arbitrary_c, layout_basic
D:2:      layout_basic, chequers_temple_overflow_statue_of_worship
D:3:      layout_basic, hangedman_ru_absence, first_ration,
          guppyfry_early_orc_mine, uniq_terence
D:4:      layout_loops_corners, minmay_temple_entry_mini_moons,
          nicolae_ossuary_entry_plus
Ossuary:  ossuary_the_hunt_dpeg

Skill      XL: |  1  2  3  4 |
---------------+-------------+-----
Staves         | 3 4 |  4.8
Fighting       | 3 |  3.5
Throwing       | |  1.7
Dodging        | |  2.6
Stealth        | |  0.6

Action                   |  1- 3 |  4- 6 || total
-------------------------+-------+-------++-------
Melee: Quarterstaff      |    88 |   117 ||   205
Throw: Throwing net      |       |     1 ||     1
  Use: Scroll            |       |     2 ||     2
       Potion            |       |     2 ||     2
 Stab: Sleeping          |     3 |     6 ||     9
       Held in net/web   |       |     1 ||     1
  Eat: Chunk             |     1 |     5 ||     6
Armor: Robe              |    21 |     9 ||    30
       Leather armour    |     2 |       ||     2
       Ring mail         |       |    25 ||    25
Dodge: Dodged            |    76 |    71 ||   147

Table legend:
 A = Non-vault XP
 B = Vault XP
 C = Vault XP percentage of total XP
 D = Non-vault monster count
 E = Vault monster count
 F = Vault count percentage of total count
                 A         B        C        D         E       F
            +---------+---------+-------+---------+---------+-------
      Total |     224 |      53 |  19.1 |      73 |       8 |   9.9
            +---------+---------+-------+---------+---------+-------
        D:1 |      48 |       0 |   0.0 |      24 |       0 |   0.0
        D:2 |     100 |       0 |   0.0 |      25 |       0 |   0.0
        D:3 |      76 |      53 |  41.1 |      24 |       8 |  25.0
            +---------+---------+-------+---------+---------+-------
